 Dungeon Crawl Stone Soup version 0.27-a0-100-gf312352147 (webtiles) character file.

Game seed: 11222699410027404111

207 Forecaster the Magician (level 5, -1/43 HPs)
             Began as a Naga Hedge Wizard on Jan 21, 2021.
             Killed by nerve-wracking pain
             ... invoked by Grinder
              (12 damage)
             ... on level 4 of the Dungeon.
             The game lasted 00:13:59 (3565 turns).

Forecaster the Magician (Naga Hedge Wizard)         Turns: 3565, Time: 00:14:00

Health: -1/43      AC:  2    Str: 12    XL:     5   Next: 85%
Magic:  0/11       EV: 10    Int: 14    God:
Gold:   148        SH:  0    Dex: 12    Spells: 5/12 levels left

rFire    . . .     SeeInvis +   j - +1 dagger (protect)
rCold    . . .     Faith    .   (no shield)
rNeg     . . .     Spirit   .   b - +0 robe
rPois    +         Reflect  .   c - +0 hat
rElec    .         Harm     .   (no cloak)
rCorr    .         Rampage  .   (no gloves)
Will     .....                  (no barding)
Stlth    ++........             (no amulet)
HPRegen  0.14/turn              o - ring of flight
MPRegen  0.12/turn              (no ring)

@: very slow
A: large, see invisible, deformed body, poison resistance, slowness 2, spit
poison 1, AC +1
a: Spit Poison, Evoke Flight


You were on level 4 of the Dungeon.
You visited 1 branch of the dungeon, and saw 4 of its levels.

You collected 148 gold pieces.

Inventory:

Hand Weapons
 a - a +0 dagger
 j - a +1 dagger of protection (weapon)
 n - a +0 quarterstaff
Missiles
 l - 27 poisoned darts
Armour
 b - a +0 robe (worn)
 c - a +0 hat (worn)
Jewellery
 o - a ring of flight (left hand)
Wands
 s - a wand of enslavement (3)
Scrolls
 d - a scroll of teleportation {unknown}
 e - a scroll of blinking {unknown}
 f - a scroll of identify {unknown}
 g - a scroll of fog {unknown}
 k - a scroll of immolation {unknown}
 q - a scroll of magic mapping {unknown}
Potions
 h - a potion of magic {unknown}
 i - a potion of mutation {unknown}
 m - a potion of ambrosia {unknown}
 p - a potion of invisibility {unknown}
 r - a potion of berserk rage {unknown}
 t - a potion of lignification {unknown}


   Skills:
 + Level 0.9 Fighting
 + Level 1.4 Short Blades
 + Level 2.1 Dodging
 + Level 3.5 Stealth
 + Level 4.3 Spellcasting
 + Level 1.5 Conjurations
 + Level 2.6 Summonings
 + Level 1.0 Translocations


You had 5 spell levels left.
You knew the following spells:

 Your Spells              Type           Power        Failure   Level
a - Magic Dart            Conj           28%          10%         1
b - Call Imp              Summ           10%          10%         2
c - Blink                 Tloc           N/A          19%         2
d - Slow                  Hex            3%           28%         2

Your spell library contained the following spells:

 Spells                   Type           Power        Failure   Level
 Conjure Flame            Conj/Fire      5%           38%         3
 Mephitic Cloud           Conj/Pois/Air  4%           41%         3


Dungeon Overview and Level Annotations

Branches:
Dungeon (4/15)
 Temple: D:4-7

Altars:
Makhleb
Ru
Uskayaw
Vehumet

Annotations:
D:4 Grinder, Menkaure


Innate Abilities, Weirdness & Mutations

You cannot wear boots.
Your serpentine skin is tough. (AC +1)
You have supernaturally acute eyesight. (SInv)
Armour fits poorly on your strangely shaped body.
Your system is resistant to poisons. (rPois)
You cover ground very slowly.
You can spit poison.


Message History

* * * LOW HITPOINT WARNING * * *
The leopard gecko convulses!
The howler monkey hoots and howls with incredible vigour!
You hear a roar!
You hear a screech!
Casting: Magic Dart (safe; 10% risk of failure)
Confirm with . or Enter, or press ? or * to list all spells.
Aiming: Magic Dart (safe; 10% risk of failure)
Press: ? - help, Shift-Dir - straight line, f/p - dart slug
Aim: a dart slug (heavily wounded, 0% to evade)
Okay, then.
Casting: Magic Dart (safe; 10% risk of failure)
Confirm with . or Enter, or press ? or * to list all spells.
You blink.
Your crimson imp disappears in a puff of smoke!
The quokka misses you.
Your crimson imp blinks!
The dart slug barely misses your crimson imp.
Grinder gestures at you. Pain shoots through your body!
You die...

#..†..#.... #........#
#.<...#.....#........#
#.....#.....#........+
#.....#....l'§§......#
#.....#######........#
#........§....§......'
#..........†.M...§...#
#..........lhr.......#
#...).......@..5.....#
#............5..w5...#
#....†#######.........
#####....#..≈≈≈..#........
........#..≈...≈. #......
.......#...≈._.≈. #.....
........#..≈...≈. .....
.......>.#..≈≈≈.. ...
..........#######


You could see Grinder, Menkaure (fast), a howler monkey, a dart slug, a leopard
gecko, a quokka and 2 friendly crimson imps.

Vanquished Creatures
  A hound (D:4)
  Ijyb (D:4)
  Terence (D:2)
  2 worker ants (D:4)
  An adder (D:2)
  An ooze (D:1)
  A worm (D:4)
  2 orcs (D:3)
  6 bats
  3 giant cockroaches
  A goblin (D:2)
  4 hobgoblins
  2 jackals (D:2)
  A quokka (D:3)
  3 frilled lizards (D:2)
  8 kobolds
  4 rats
42 creatures vanquished.

Vanquished Creatures (collateral kills)
  A howler monkey (D:4)
  A hound (D:4)
  A worm (D:2)
  A dart slug (D:1)
  A bat (D:2)
  A giant cockroach (D:2)
  2 goblins
  9 jackals
  5 kobolds
  A rat (D:2)
23 creatures vanquished.

Vanquished Creatures (others)
  An adder (D:2)
  A hobgoblin (D:2)
  4 jackals (D:2)
6 creatures vanquished.

Grand Total: 71 creatures vanquished

Notes
Turn   | Place    | Note
-------+----------+-------------------------------------------
     0 | D:1      | Forecaster the Naga Hedge Wizard began the quest for the
                  | Orb.
     0 | D:1      | Reached XP level 1. HP: 15/15 MP: 4/4
   479 | D:1      | Reached XP level 2. HP: 12/22 MP: 1/6
   694 | D:1      | Learned a level 2 spell: Call Imp
   697 | D:1      | Learned a level 2 spell: Blink
  1355 | D:2      | Reached XP level 3. HP: 7/28 MP: 2/8
  2160 | D:2      | Noticed Terence
  2191 | D:2      | Killed Terence
  2192 | D:2      | Reached XP level 4. HP: 13/37 MP: 1/9
  2202 | D:2      | Noticed a +0 hand axe
  2202 | D:2      | Noticed a +0 hand axe
  2205 | D:2      | Found a hide-covered altar of Uskayaw.
  2593 | D:2      | Found a radiant altar of Vehumet.
  3020 | D:3      | Found a faded altar of an unknown god.
  3080 | D:3      | Learned a level 2 spell: Slow
  3251 | D:4      | Reached skill level 4 in Spellcasting
  3251 | D:4      | Noticed an ogre
  3378 | D:4      | Found a burning altar of Makhleb.
  3406 | D:4      | Reached XP level 5. HP: 28/43 MP: 6/11
  3412 | D:4      | Noticed a cacodemon
  3442 | D:4      | Reached skill level 1 in Short Blades
  3489 | D:4      | Noticed Ijyb
  3492 | D:4      | Found a sacrificial altar of Ru.
  3521 | D:4      | Killed Ijyb
  3555 | D:4      | Noticed Grinder
  3557 | D:4      | Noticed Menkaure
  3565 | D:4      | Killed from afar by Grinder

Illustrated notes

Levels and vault maps discovered:
D:1:      wander_arrival_peaceful_grave, layout_basic, serial_bayou_lagoon_a,
          roderic_serpentine_path, minmay_surrounded
D:2:      layout_loops_ring, dancing_weapons_uskayaw, fiery_altar_vehumet,
          uniq_terence
D:3:      layout_rooms, chequers_ecumenical_altar_simple
D:4:      minmay_diamond_boxcup, layout_gridville, makhleb_altar_promises_db,
          nicolae_ru_awakened_eye, enter_ossuary_4, minmay_crystal_water,
          uniq_menkaure, uniq_pikel, uniq_grinder, uniq_ijyb

Skill      XL: |  1  2  3  4  5 |
---------------+----------------+-----
Dodging        | 2 |  2.1
Spellcasting   | 4 |  4.3
Summonings     | 2 |  2.6
Short Blades   | 1 |  1.4
Fighting       | |  0.9
Stealth        | |  3.5
Conjurations   | |  1.5
Translocations | |  1.0

Action                   |  1- 3 |  4- 6 || total
-------------------------+-------+-------++-------
Melee: Dagger            |   110 |    98 ||   208
 Cast: Magic Dart        |    39 |    22 ||    61
       Call Imp          |    17 |    21 ||    38
       Blink             |       |     1 ||     1
 Stab: Sleeping          |     2 |     3 ||     5
       Distracted        |       |     2 ||     2
Armor: Robe              |    51 |    36 ||    87
Dodge: Dodged            |    92 |    66 ||   158

Table legend: (Time is in decaauts)
 A = Elapsed time spent in this place.
 B = Non-inter-level travel time spent in this place.
 C = Inter-level travel time spent in this place.
 D = Time resting spent in this place.
 E = Time spent auto-exploring this place.
 F = Levels seen in this place.
 G = Mean time per level.
                   A        B        C        D        E       F      G
               +--------+--------+--------+--------+--------+-----+--------+
         Total |   4259 |   4126 |    133 |    114 |   2821 |   4 | 1064.8 |
       Dungeon |   4259 |   4126 |    133 |    114 |   2821 |   4 | 1064.8 |
               +--------+--------+--------+--------+--------+-----+--------+

Top non-repeatable levels by time:
     D:2: 1887 daAuts
     D:1: 1572 daAuts
     D:3: 549 daAuts
     D:4: 250 daAuts
